 Dungeon Crawl Stone Soup version 0.14-a0-1444-g21dc12d (webtiles) character file.

363 Ololoev the Caller (level 5, -1/35 HPs)
             Began as a Mummy Summoner on Dec 12, 2013.
             Killed from afar by an orc wizard (6 damage)
             ... with a magic dart
             ... on Level 2 of the Dungeon.
             The game lasted 00:28:42 (6128 turns).

Ololoev the Caller (Mummy Summoner)                 Turns: 6128, Time: 00:28:43

HP  -1/35        AC  4     Str 11      XL: 5   Next: 84%
MP   1/9         EV 10     Int 15      God:
Gold 118         SH  0     Dex 12      Spells:  3 memorised,  2 levels left

rFire  x . .     SeeInvis .     k - -2 spear (curse)
rCold  + . .     Clarity  .     l - +0 leather armour
rNeg   + + +     Conserve .     (no shield)
rPois  +         rCorr    .     (no helmet)
rElec  .         rRot     +     (no cloak)
SustAb . .       Spirit   .     (no gloves)
rMut   .         Warding  .     i - +0 pair of orc boots
Saprov . . .     Stasis   .     e - cursed amulet of the gourmand {unknown}
                                (no ring)
                                (no ring)

@: slightly resistant to hostile enchantments, unstealthy
A: no food or potions, fire vulnerability, restore body, cold resistance 1, life
protection 3, poison resistance, torment resistance, unbreathing
a: no special abilities


You were on level 2 of the Dungeon.
You were not hungry.

You visited 1 branch of the dungeon, and saw 4 of its levels.

You collected 118 gold pieces.

Inventory:

Hand weapons
 k - a cursed -2,-2 spear (weapon)
Missiles
 a - 4 darts of dispersal
 c - 61 darts (quivered)
Armour
 i - a +0 pair of orcish boots (worn)
 l - a +0 leather armour (worn)
Scrolls
 d - a scroll of teleportation
Jewellery
 e - a cursed amulet of the gourmand (around neck) {unknown}
Books
 b - a book of Callings

   Spells                             Type                      Level
   *Summon Small Mammal               Summoning                    1
   *Call Imp                          Summoning                    2
   *Call Canine Familiar              Summoning                    3
   Summon Scorpions                   Summoning/Poison             4
   Summon Ice Beast                   Ice/Summoning                4


   Skills:
 - Level 1.5 Dodging
 - Level 1.5 Stealth
 - Level 2.0 Spellcasting
 + Level 5.9 Summonings


You had 2 spell levels left.
You knew the following spells:

 Your Spells              Type           Power        Failure   Level  Hunger
a - Summon Small Mammal   Summ           ###.         1%          1    N/A
b - Call Imp              Summ           ###.......   3%          2    N/A
c - Call Canine Familiar  Summ           ###.......   10%         3    N/A

Dungeon Overview and Level Annotations

Branches:
Dungeon (4/16)
 Temple: D:4-7

Altars:
Fedhas


Innate Abilities, Weirdness & Mutations

You do not eat or drink.
Your flesh is vulnerable to fire.
Your flesh is cold resistant.
You are immune to negative energy.
Your system is resistant to poisons.
You are immune to unholy pain and torment.
You can survive without breathing.


Message History

You hear some strange, mumbled words.
The magic dart hits you!
You barely miss it. It hits you but does no damage.
Your white imp hits it.
Your white imp freezes it.
You closely miss it.
You hear some strange, mumbled words.
The puff of flame misses you.
You hit it but do no damage.
You hear some strange, mumbled words.
The puff of flame hits you! The fire burns you terribly! It hits you.
* * * LOW HITPOINT WARNING * * *
You climb upwards.
Your summoned allies are left behind.
There is a stone staircase leading down here.
It hits you.
* * * LOW HITPOINT WARNING * * *
The magic dart hits you!
* * * LOW HITPOINT WARNING * * *
The magic dart hits you!
You die...

......)# #.#####
#####..# #.#...#
#####..###.#.#.#######
....#........#.......#
....#...#............###
....#........#.........#
....#......#.#.#######.#
#.......)..#.#.#.....#.#
##.###...#.#.#.#@###.#.#
#..........#.#.#.###.#.#
#..#...=.....#.#..{#...#
...#.#.#####.#.###.#####
.............#.# #.#
.......#...#.#.# #.#
...............# #.#
...............#
#.#######
...............#
#.......#


There were no monsters in sight!

Vanquished Creatures
  2 adders
  A worm (D:2)
  A giant gecko (D:3)
  An ooze (D:2)
  3 ball pythons
  5 bats
  5 giant cockroaches
  10 hobgoblins
  5 kobolds
  3 giant newts
  A giant spore (D:3)
  7 goblins
  9 rats
  2 ballistomycetes (D:3)
55 creatures vanquished.

Vanquished Creatures (collateral kills)
  An adder (D:2)
  2 gnolls
  An inept item mimic (D:2)
  5 orcs
  A giant cockroach (D:1)
  6 hobgoblins
  2 bats
  A giant newt (D:4)
  A goblin (D:3)
  A kobold (D:2)
  A rat (D:3)
22 creatures vanquished.

Vanquished Creatures (others)
  2 crimson imps
  7 white imps
  A giant gecko (D:3)
  An orc (D:3)
  2 bats
  4 rats
17 creatures vanquished.

Grand Total: 94 creatures vanquished

Notes
Turn   | Place    | Note
--------------------------------------------------------------
     0 | D:1      | Ololoev, the Mummy Summoner, began the quest for the Orb.
     0 | D:1      | Reached XP level 1. HP: 13/13 MP: 3/3
   830 | D:1      | Reached XP level 2. HP: 17/19 MP: 4/4
   871 | D:1      | Learned a level 2 spell: Call Imp
  1701 | D:2      | Reached skill level 4 in Summonings
  1924 | D:2      | Reached XP level 3. HP: 17/24 MP: 6/6
  3575 | D:2      | Found a blossoming altar of Fedhas.
  3646 | D:2      | Reached XP level 4. HP: 20/30 MP: 4/7
  4732 | D:3      | Reached skill level 5 in Summonings
  4732 | D:3      | Reached XP level 5. HP: 32/35 MP: 9/9
  4779 | D:3      | Learned a level 3 spell: Call Canine Familiar
  5489 | D:3      | Upgraded the game from 0.14-a0-1413-g94b8a5e to 0.14-a0-1444-g21dc12d
  6128 | D:2      | Killed from afar by an orc wizard

Action                   |  1- 3 |  4- 6 || total
-------------------------+-------+-------++-------
Melee: Club              |    12 |       ||    12
       Whip              |   120 |     8 ||   128
       Unarmed           |     4 |       ||     4
       Spear             |       |   140 ||   140
Throw: Dart              |    71 |    33 ||   104
 Cast: Summon Small Mamm |    11 |     8 ||    19
       Call Imp          |    18 |    24 ||    42
       Call Canine Famil |       |     5 ||     5
  Use: Scroll            |     4 |     6 ||    10
 Stab: Sleeping          |       |     2 ||     2
       Distracted        |       |     1 ||     1
